[Event "November 21 Late 2023"]
[Site "https://www.chess.com"]
[Date "2023.11.21"]
[Round "5"]
[White "hristos03"]
[Black "liwadas82"]
[Result "0-1"]
[Board "108"]
[TimeControl "180+1"]
[WhiteElo "2383"]
[BlackElo "2451"]
[WhiteClock "0:00:01"]
[BlackClock "0:00:21"]

1. e4 e5 2. Nf3 Nc6 3. Bb5 a6 4. Ba4 Nf6 5. O-O b5 6. Bb3 Bb7 7. c3 Nxe4 8. Re1 Nc5 9. Nxe5 Nxe5 10. Rxe5+ Ne6 11. d4 Bd6 12. Rh5 O-O 13. Bc2 g6 14. Rh3 f5 15. Bh6 Re8 16. Nd2 Bf4 17. Nf3 Bxh6 18. Rxh6 Nf4 19. Qd2 Ne2+ 20. Kf1 Kg7 21. Re1 Bxf3 22. gxf3 g5 23. Rh3 Nf4 24. Rg3 Rxe1+ 25. Kxe1 Qe7+ 26. Kf1 Kf6 27. d5 Re8 28. Bb3 d6 29. a4 Qe5 30. h4 h6 31. hxg5+ hxg5 32. Rg1 Qe2+ 33. Qxe2 Rxe2 34. Rh1 Rxb2 0-1

[Event "November 21 Late 2023"]
[Site "https://www.chess.com"]
[Date "2023.11.21"]
[Round "5"]
[White "YouShallNotPass001"]
[Black "TheAlienParty"]
[Result "1-0"]
[Board "109"]
[TimeControl "180+1"]
[WhiteElo "2436"]
[BlackElo "2385"]
[WhiteClock "0:00:07"]
[BlackClock "0:00:00"]

1. Nf3 Nf6 2. e3 d5 3. Be2 c5 4. O-O Nc6 5. d4 e6 6. a3 a6 7. dxc5 Bxc5 8. b4 Bd6 9. Nbd2 O-O 10. c4 Ne5 11. Bb2 Nxc4 12. Bxc4 dxc4 13. Nxc4 Bc7 14. Qb3 b5 15. Nce5 Qe7 16. Nc6 Qd6 17. Rac1 Bb7 18. Be5 Qd7 19. Rfd1 Qe8 20. Bxc7 Bxc6 21. Bd6 Bd5 22. Qb2 h6 23. Bxf8 Kxf8 24. Rc7 Qb8 25. Qc3 Bc4 26. Qe5 Nd5 27. Rd7 Qb6 28. e4 Nf6 29. R7d6 Qb8 30. Qc5 Kg8 31. Qd4 Qc7 32. Rd8+ Rxd8 33. Qxd8+ Qxd8 34. Rxd8+ Kh7 35. Nd2 Be2 36. f3 Bd1 37. Ra8 Bc2 38. Rxa6 h5 39. Ra7 h4 40. Kf1 Kg6 41. Kf2 h3 42. g3 Bd3 43. Ke3 Bc2 44. Rb7 Ba4 45. f4 Ne8 46. Nf3 f6 47. Nh4+ Kh6 48. f5 exf5 49. Nxf5+ Kg6 50. Re7 1-0

[Event "November 21 Late 2023"]
[Site "https://www.chess.com"]
[Date "2023.11.21"]
[Round "5"]
[White "Bogaudinov, Rushan"]
[Black "Jarocka, Liwia"]
[Result "1/2-1/2"]
[Board "110"]
[TimeControl "180+1"]
[WhiteFideId "4129288"]
[BlackFideId "21807558"]
[WhiteElo "1908"]
[BlackElo "2001"]
[WhiteTeam "RUS"]
[BlackTeam "POL"]
[WhiteClock "0:00:16"]
[BlackClock "0:00:43"]

1. d4 d5 2. Nf3 Nf6 3. e3 e6 4. Be2 c5 5. O-O Nc6 6. a3 Bd6 7. dxc5 Bxc5 8. b4 Bb6 9. Bb2 O-O 10. c4 a5 11. c5 Bc7 12. b5 Ne7 13. a4 Ng6 14. Nbd2 Re8 15. Nb3 e5 16. b6 Bb8 17. Bb5 Bd7 18. Qe2 Bxb5 19. axb5 a4 20. Nbd2 Qc8 21. Rfc1 e4 22. Nd4 Ng4 23. h3 N4e5 24. c6 Bd6 25. Ba3 Bxa3 26. Rxa3 Nd3 27. Rca1 Qd8 28. cxb7 Rb8 29. Nc6 Qxb6 30. Nxb8 Rxb8 31. Rxd3 exd3 32. Qxd3 Qxb7 33. Rxa4 Qxb5 34. Qxb5 Rxb5 35. Ra8+ Nf8 36. Nf3 g6 37. Nd4 Rb1+ 38. Kh2 Kg7 39. Rd8 Rb2 40. Kg3 Ne6 41. Rxd5 Nxd4 42. Rxd4 h5 43. h4 Rb3 44. Kf4 Rb2 45. Kf3 Ra2 46. Rd3 Rb2 47. e4 Ra2 48. Re3 Kf6 49. Kg3 Ke6 50. f4 Rb2 51. Kf3 Ra2 52. g4 hxg4+ 53. Kxg4 Rg2+ 54. Rg3 Re2 55. e5 Re1 56. h5 gxh5+ 57. Kxh5 Rf1 58. Kg5 Rf2 59. Rb3 Rg2+ 60. Kh4 Kf5 61. Kh3 Rg1 62. Rb7 Kxf4 63. Rxf7+ Kxe5 64. Re7+ Kf6 65. Re3 Rg6 66. Rg3 Kg7 67. Rxg6+ Kxg6 1/2-1/2

[Event "November 21 Late 2023"]
[Site "https://www.chess.com"]
[Date "2023.11.21"]
[Round "5"]
[White "Feliz Dotel, Dewar Bienvenido"]
[Black "Kostiukov, Alexandr"]
[Result "1-0"]
[Board "111"]
[TimeControl "180+1"]
[WhiteFideId "6402801"]
[BlackFideId "14108100"]
[WhiteElo "2069"]
[BlackElo "2144"]
[WhiteTeam "DOM"]
[BlackTeam "UKR"]
[WhiteClock "0:00:51"]
[BlackClock "0:00:14"]

1. d4 g6 2. e3 Bg7 3. Nf3 d6 4. Be2 e5 5. c4 Qe7 6. O-O Nf6 7. b4 O-O 8. Bb2 e4 9. Nfd2 h5 10. Nc3 Bf5 11. d5 a5 12. a3 Nbd7 13. Qb3 b6 14. Nb5 Ne5 15. Bxe5 Qxe5 16. Nxc7 Rac8 17. Nb5 Ng4 18. Bxg4 hxg4 19. Nd4 Bf6 20. Nc6 Rxc6 21. dxc6 Kg7 22. Rfd1 Ra8 23. Rab1 axb4 24. axb4 Be6 25. Qc2 Bf5 26. Nf1 Ra3 27. Ng3 Rc3 28. Qd2 Be7 29. Qd4 Qxd4 30. Rxd4 Bf6 31. Rxd6 Rxc4 32. Nxf5+ gxf5 33. b5 Be5 34. Rd7 Kf6 35. Rb7 f4 36. exf4 Bxf4 37. Rxb6 Kf5 38. Rb7 e3 39. Rxf7+ Ke6 40. Rxf4 Rxf4 41. fxe3 1-0

[Event "November 21 Late 2023"]
[Site "https://www.chess.com"]
[Date "2023.11.21"]
[Round "5"]
[White "Maltsevskaya, Aleksandra"]
[Black "zano2023"]
[Result "0-1"]
[Board "112"]
[TimeControl "180+1"]
[WhiteFideId "24174041"]
[WhiteElo "2296"]
[BlackElo "2204"]
[WhiteTeam "POL"]
[WhiteClock "0:00:01"]
[BlackClock "0:00:34"]

1. Nf3 d6 2. g3 e5 3. d3 Nf6 4. Bg2 Be7 5. O-O O-O 6. Nc3 Re8 7. e4 Nbd7 8. Nh4 Nf8 9. f4 exf4 10. Bxf4 Ng6 11. Nf5 Nxf4 12. Rxf4 Bf8 13. Qf3 c6 14. Nh6+ gxh6 15. Rxf6 Be6 16. Rf1 Bg7 17. Rf4 Qb6+ 18. Kh1 Qxb2 19. Ne2 Qe5 20. d4 Qg5 21. h4 Qe7 22. Kh2 d5 23. e5 Rf8 24. Rf6 Bxf6 25. exf6 Qd7 26. Qe3 Kh8 27. Qxh6 Rg8 28. Nf4 Bg4 29. Re1 Rae8 30. Rxe8 Qxe8 31. Nd3 Rg6 32. Qf4 h5 33. Ne5 Qg8 34. Nxg6+ Qxg6 35. c3 Kh7 36. Kg1 Qb1+ 37. Bf1 Bf5 38. Kh2 Qxa2+ 39. Kg1 Qc2 40. Qg5 Bg6 41. Qf4 Qxc3 42. Be2 Qe1+ 43. Bf1 Qe4 44. Qb8 Qxd4+ 45. Kh2 Qf2+ 46. Bg2 Be4 0-1

[Event "November 21 Late 2023"]
[Site "https://www.chess.com"]
[Date "2023.11.21"]
[Round "5"]
[White "Golubev, Mikhail"]
[Black "Garrido, Denis"]
[Result "0-1"]
[Board "113"]
[TimeControl "180+1"]
[WhiteFideId "14100983"]
[BlackFideId "601217"]
[WhiteElo "2352"]
[BlackElo "2356"]
[WhiteTeam "UKR"]
[BlackTeam "FRA"]
[WhiteClock "0:00:06"]
[BlackClock "0:01:11"]

1. e4 e6 2. d4 d5 3. Bd3 c5 4. exd5 exd5 5. Nf3 c4 6. Be2 Nf6 7. O-O Bd6 8. b3 cxb3 9. axb3 O-O 10. Bg5 Nc6 11. Nbd2 h6 12. Bh4 Bf5 13. c3 Re8 14. Re1 Rc8 15. Nf1 g5 16. Bg3 Ne4 17. Rc1 Bg6 18. Bxd6 Qxd6 19. Ne3 Rcd8 20. c4 dxc4 21. Nxc4 Qb8 22. Bf1 Bh5 23. Qd3 Bxf3 24. Qxf3 Nxd4 25. Qg4 Nf6 26. Rxe8+ Nxe8 27. Qh3 Kg7 28. Re1 Nf6 29. Bd3 Qf4 30. Ne5 Re8 31. g3 Qd2 32. Kf1 Rxe5 33. Rxe5 Qxd3+ 34. Kg1 Nf3+ 0-1

[Event "November 21 Late 2023"]
[Site "https://www.chess.com"]
[Date "2023.11.21"]
[Round "5"]
[White "Szente Varga, Fruzsina"]
[Black "Shapiro, Viktor"]
[Result "0-1"]
[Board "114"]
[TimeControl "180+1"]
[WhiteFideId "712264"]
[BlackFideId "4175700"]
[WhiteElo "1994"]
[BlackElo "2084"]
[WhiteTeam "HUN"]
[BlackTeam "RUS"]
[WhiteClock "0:00:00"]
[BlackClock "0:00:05"]

1. e4 Nf6 2. e5 Nd5 3. d4 d6 4. Bc4 Nb6 5. Bb3 a5 6. Qh5 g6 7. Qf3 d5 8. c3 Bf5 9. Nd2 a4 10. Bd1 h5 11. h3 e6 12. Ne2 c5 13. Rg1 h4 14. Nf1 Nc6 15. Ne3 cxd4 16. cxd4 Bb4+ 17. Bd2 Bxd2+ 18. Kxd2 a3 19. b3 Qe7 20. Nxf5 gxf5 21. Rc1 Qg5+ 22. Qe3 Rg8 23. f4 Qe7 24. g4 hxg3 25. Rxg3 Rxg3 26. Qxg3 Qb4+ 27. Qc3 Kd7 28. Bc2 Rg8 29. Rg1 Rxg1 30. Qxb4 Nxb4 31. Nxg1 Nxa2 32. Bd1 Nb4 33. Kc1 Nd3+ 34. Kb1 Nxf4 35. h4 Ke7 36. Ka2 Nd7 37. Kxa3 Nb8 38. Kb4 Nc6+ 39. Kc5 Nd3+ 40. Kb6 Nxd4 41. Kxb7 Nf2 42. Bf3 Nxb3 43. h5 Nd3 44. Bd1 Nd4 45. h6 Nxe5 46. Nh3 Kf6 47. Nf4 Ng6 48. h7 Kg7 49. Kc7 Kxh7 50. Nd3 Kg7 51. Kd6 Kf6 52. Bh5 f4 53. Bd1 f3 54. Nf2 Nf5+ 55. Kc5 Ne3 56. Bxf3 Ne5 57. Be2 Nf5 58. Kb4 Ke7 59. Kc5 Nd7+ 60. Kb4 Kd6 61. Kc3 e5 62. Bg4 Ne3 63. Bh3 f5 64. Kd3 d4 65. Ke2 e4 66. Kd2 Nc5 67. Ke2 Ke5 68. Kd2 f4 69. Ng4+ Nxg4 70. Bxg4 d3 71. Kc3 e3 72. Bf3 d2 73. Kc2 Ne4 0-1

[Event "November 21 Late 2023"]
[Site "https://www.chess.com"]
[Date "2023.11.21"]
[Round "5"]
[White "Goltseva, Ekaterina"]
[Black "Hoffmann, Asa"]
[Result "1-0"]
[Board "115"]
[TimeControl "180+1"]
[WhiteFideId "24173770"]
[BlackFideId "2001470"]
[WhiteElo "2139"]
[BlackElo "2117"]
[WhiteTeam "RUS"]
[BlackTeam "USA"]
[WhiteClock "0:00:28"]
[BlackClock "0:00:33"]

1. Nf3 d6 2. c4 e5 3. d4 e4 4. Ng5 Nf6 5. Nc3 Qe7 6. g3 h6 7. Nh3 c6 8. Bg2 g5 9. d5 c5 10. Qc2 Bf5 11. Ng1 Bg6 12. Be3 a6 13. h4 Ng4 14. Bxe4 Nxe3 15. fxe3 Rg8 16. h5 Bxe4 17. Qxe4 Nd7 18. Qxe7+ Kxe7 19. Nf3 Bg7 20. Kd2 b5 21. Kc2 b4 22. Ne4 f5 23. Ned2 a5 24. e4 Rgf8 25. exf5 Rxf5 26. e4 Rf7 27. Raf1 a4 28. Nh2 Rxf1 29. Rxf1 Be5 30. Ng4 Bxg3 31. Nxh6 Rh8 32. Nf5+ Kf6 33. Nxg3+ Ke5 34. Rf5+ Kd4 35. Nf3+ Ke3 36. Nxg5 Ne5 37. Nf7 Nxc4 38. Nxh8 b3+ 39. axb3 axb3+ 40. Kxb3 Nd2+ 41. Kc2 Nxe4 42. Nxe4 Kxe4 43. Rf8 1-0

[Event "November 21 Late 2023"]
[Site "https://www.chess.com"]
[Date "2023.11.21"]
[Round "5"]
[White "Antonio, Jorge Carlos"]
[Black "RodokininEV"]
[Result "0-1"]
[Board "116"]
[TimeControl "180+1"]
[WhiteFideId "113190"]
[WhiteElo "2247"]
[BlackElo "2506"]
[WhiteTeam "ARG"]
[WhiteClock "0:01:02"]
[BlackClock "0:02:18"]

1. d4 Nf6 2. Bf4 g6 3. e3 Bg7 4. Nf3 O-O 5. Be2 d6 6. h4 c5 7. c3 b6 8. h5 Nxh5 9. Rxh5 gxh5 10. Ng5 e5 11. Bxh5 exf4 12. Bxf7+ Rxf7 13. Qh5 Qf6 14. Qxh7+ Kf8 15. Nxf7 Qxf7 16. Nd2 Bf5 17. e4 Bxh7 0-1

[Event "November 21 Late 2023"]
[Site "https://www.chess.com"]
[Date "2023.11.21"]
[Round "5"]
[White "Luxama, Jacques Muller"]
[Black "Khater, Sherif"]
[Result "0-1"]
[Board "117"]
[TimeControl "180+1"]
[WhiteFideId "11900113"]
[BlackFideId "2034280"]
[WhiteElo "1931"]
[BlackElo "2506"]
[WhiteTeam "HAI"]
[BlackTeam "USA"]
[WhiteClock "0:00:07"]
[BlackClock "0:00:14"]

1. e4 a6 2. d4 c6 3. Nc3 d5 4. Nf3 dxe4 5. Nxe4 Nf6 6. Neg5 Nbd7 7. Bc4 e6 8. Qe2 Nb6 9. Bb3 Bd6 10. O-O O-O 11. a4 h6 12. Ne4 Nxe4 13. Qxe4 Bc7 14. a5 Nd5 15. c4 Nf6 16. Qh4 Nd7 17. Qh5 Nf6 18. Qh4 Nd7 19. Qh5 Qf6 20. Re1 Bf4 21. Bxf4 Qxf4 22. Bc2 Nf6 23. Qc5 Rd8 24. h3 Bd7 25. Re3 Be8 26. g3 Qc7 27. Kg2 Qd6 28. Qb6 Nd7 29. Qb3 c5 30. Rd1 Qc7 31. d5 exd5 32. Rxd5 Nf6 33. Rxd8 Rxd8 34. Qc3 Bc6 35. Kh2 Qd6 36. Ne5 Qd2 37. Kg1 Qc1+ 38. Re1 Qd2 39. Nxc6 bxc6 40. Rd1 Qxd1+ 41. Bxd1 Rxd1+ 42. Kg2 Rd7 43. Qe5 Rd2 44. Qc3 Rxf2+ 45. Kxf2 Ne4+ 46. Ke3 Nxc3 47. bxc3 Kf8 48. Ke4 Ke7 49. Ke5 f6+ 50. Kf5 Kf7 51. g4 g6+ 52. Ke4 Ke6 53. Kf4 f5 54. gxf5+ gxf5 55. h4 Kf6 56. h5 Ke6 57. Ke3 Ke5 58. Kf3 f4 59. Kg4 Ke4 60. Kh4 f3 61. Kg4 f2 0-1

[Event "November 21 Late 2023"]
[Site "https://www.chess.com"]
[Date "2023.11.21"]
[Round "5"]
[White "Modric, Nesa"]
[Black "Kuegel, Tobias"]
[Result "0-1"]
[Board "118"]
[TimeControl "180+1"]
[WhiteFideId "922579"]
[BlackFideId "4636295"]
[WhiteElo "2167"]
[BlackElo "2213"]
[WhiteTeam "SRB"]
[BlackTeam "GER"]
[WhiteClock "0:00:01"]
[BlackClock "0:00:15"]

1. e4 e5 2. Nf3 Nc6 3. Bc4 Bc5 4. O-O Nf6 5. d3 O-O 6. Re1 Ng4 7. Re2 Kh8 8. h3 f5 9. Bg5 Qe8 10. exf5 Nxf2 11. Rxf2 Rxf5 12. Bh4 Nd4 13. Nbd2 c6 14. Kh2 d5 15. Nxd4 Bxd4 16. Rxf5 Bxf5 17. Bb3 Bxb2 18. Rb1 Ba3 19. Nf3 e4 20. dxe4 Qxe4 21. Qe1 Qf4+ 22. Bg3 Qh6 23. Qe2 Be4 24. Re1 Bb4 25. Rf1 a5 26. c4 Qg6 27. cxd5 Bd3 28. Nh4 Qxg3+ 29. Kxg3 Bxe2 30. Rf7 a4 31. Bc2 Be1+ 32. Rf2 Rf8 33. Nf5 Bxf2+ 34. Kxf2 Bc4 35. Ke3 Bxd5 36. Ne7 Bxg2 37. h4 Re8 0-1

[Event "November 21 Late 2023"]
[Site "https://www.chess.com"]
[Date "2023.11.21"]
[Round "5"]
[White "Kochiev, Ivan"]
[Black "Cardozo Munar, Carlos Eduardo"]
[Result "1-0"]
[Board "119"]
[TimeControl "180+1"]
[WhiteFideId "2917890"]
[BlackFideId "4409477"]
[WhiteElo "2285"]
[BlackElo "2067"]
[WhiteTeam "BUL"]
[BlackTeam "COL"]
[WhiteClock "0:00:04"]
[BlackClock "0:00:17"]

1. e4 e6 2. d4 d5 3. Nd2 c5 4. exd5 Qxd5 5. Ngf3 cxd4 6. Bc4 Qd7 7. O-O Nc6 8. Nb3 Nf6 9. Nbxd4 Nxd4 10. Nxd4 a6 11. a4 Bd6 12. Bd3 b6 13. c3 Bb7 14. Bg5 h6 15. Bh4 Nd5 16. Re1 Nf4 17. Be4 Bxe4 18. Rxe4 Qb7 19. Qf3 Qd5 20. Rxf4 Bxf4 21. Qxf4 g5 22. Qf6 Rg8 23. Bg3 h5 24. h4 gxh4 25. Qxh4 Kd7 26. Rd1 Rg4 27. Qf6 Ke8 28. Rd2 h4 29. Nf3 Qh5 30. Bxh4 Rg6 31. Qd8+ Rxd8 32. Rxd8# 1-0

[Event "November 21 Late 2023"]
[Site "https://www.chess.com"]
[Date "2023.11.21"]
[Round "5"]
[White "Mazurkiewicz, Michal"]
[Black "Rose, Felix"]
[Result "1-0"]
[Board "120"]
[TimeControl "180+1"]
[WhiteFideId "1124943"]
[BlackFideId "5105722"]
[WhiteElo "2124"]
[BlackElo "2039"]
[WhiteTeam "POL"]
[BlackTeam "MEX"]
[WhiteClock "0:00:10"]
[BlackClock "0:00:00"]

1. e4 e5 2. Nf3 Nc6 3. Bb5 a6 4. Bxc6 dxc6 5. O-O Qd6 6. Na3 Be6 7. Qe2 O-O-O 8. Nc4 Bxc4 9. Qxc4 f6 10. d3 Ne7 11. Be3 Ng6 12. Rfd1 Kb8 13. d4 exd4 14. Rxd4 Qe7 15. Rad1 Rxd4 16. Qxd4 c5 17. Qd8+ Ka7 18. b4 Qxd8 19. Rxd8 b6 20. Rd7 Kb7 21. bxc5 bxc5 22. h4 Kc6 23. Rd3 Bd6 24. h5 Ne5 25. Nxe5+ fxe5 26. c4 Rb8 27. Rb3 Rb4 28. f3 a5 29. Bd2 a4 30. Bxb4 axb3 31. Bc3 bxa2 32. Kf1 Kd7 33. Ke2 Ke6 34. Kd1 c6 35. Kc2 Bc7 36. Kb2 g6 37. hxg6 hxg6 38. Kxa2 Bd8 39. Kb3 Bc7 40. Ka4 Bd8 41. Ba5 Bh4 42. Bb6 Kd6 43. Ka5 Be1+ 44. Ka6 Bb4 45. Kb7 Kd7 46. Bc7 Bc3 47. Bb8 Bb2 48. Kb6 Bd4 49. Kb7 Bc3 50. Ba7 Bd4 51. Bb6 Kd6 52. Bd8 Kd7 53. Bh4 Kd6 54. Kc8 Be3 55. Kd8 g5 56. Bg3 Bf4 57. Bf2 1-0

[Event "November 21 Late 2023"]
[Site "https://www.chess.com"]
[Date "2023.11.21"]
[Round "5"]
[White "Prokhorov, Oleksandr"]
[Black "ExchangeAB"]
[Result "1-0"]
[Board "121"]
[TimeControl "180+1"]
[WhiteFideId "14105578"]
[WhiteElo "1913"]
[BlackElo "2489"]
[WhiteTeam "UKR"]
[WhiteClock "0:00:17"]
[BlackClock "0:00:16"]

1. d4 d5 2. c4 c6 3. Nc3 Nf6 4. Nf3 dxc4 5. a4 Bf5 6. Nh4 Bc8 7. Nf3 Bf5 8. Nh4 e6 9. Nxf5 exf5 10. e3 Bd6 11. Bxc4 O-O 12. Qf3 g6 13. O-O Qe7 14. g3 Nbd7 15. a5 a6 16. Ne2 Ne4 17. Nf4 Ndf6 18. Kg2 Bxf4 19. Qxf4 Nd5 20. Qf3 Qb4 21. Bd3 Ndf6 22. Qe2 Kg7 23. f3 Nd6 24. Qc2 Nb5 25. Ra4 Qe7 26. Bd2 Rfe8 27. Re1 Rad8 28. Bb4 Qd7 29. Bc5 Nd5 30. Kf2 f4 31. e4 Ne3 32. Rxe3 fxe3+ 33. Kxe3 Qh3 34. Bb6 Rd7 35. Qf2 Nd6 36. Bc5 Qh6+ 37. Ke2 Qc1 38. Rb4 Nb5 39. Qe3 Qh1 40. Qf2 h5 41. Bxb5 axb5 42. h4 f5 43. e5 Kf7 44. Ke3 Qc1+ 45. Qd2 Qxd2+ 46. Kxd2 Ke6 47. Ke3 Kd5 48. Rb3 Ra8 49. Bb6 Kc4 50. Rc3+ Kb4 51. Bc5+ Kxa5 52. Ra3# 1-0

[Event "November 21 Late 2023"]
[Site "https://www.chess.com"]
[Date "2023.11.21"]
[Round "5"]
[White "rikchessmx"]
[Black "Urbina Perez, Juan Antonio"]
[Result "0-1"]
[Board "122"]
[TimeControl "180+1"]
[BlackFideId "2217368"]
[WhiteElo "2299"]
[BlackElo "2185"]
[BlackTeam "ESP"]
[WhiteClock "0:00:00"]
[BlackClock "0:00:08"]

1. e4 c6 2. d4 d5 3. Nc3 dxe4 4. Nxe4 Nf6 5. Ng5 h6 6. N5f3 Bf5 7. Bc4 e6 8. Ne2 Be7 9. Ng3 Bh7 10. Qe2 Nbd7 11. c3 Qc7 12. Ne5 Nxe5 13. dxe5 Nd5 14. f4 O-O-O 15. O-O Nb6 16. Ne4 Nxc4 17. Qxc4 Qb6+ 18. Kh1 Bxe4 19. Qxe4 g6 20. Be3 Bc5 21. Bxc5 Qxc5 22. Rfd1 Qf2 23. Qa4 Rxd1+ 24. Rxd1 Qe2 25. Qd4 a6 26. c4 Kb8 27. a4 Qc2 28. h3 g5 29. fxg5 hxg5 30. a5 Qf5 31. Rd3 g4 32. Kh2 gxh3 33. Rxh3 Rg8 34. b4 Qg5 35. Qe4 Qd2 36. b5 cxb5 37. cxb5 Qxa5 38. bxa6 Qxa6 39. Rh7 Rf8 40. Qd4 Qc6 41. Qb4 Rg8 42. Qb2 Qe4 43. Rxf7 Qh4+ 44. Kg1 Qe1+ 45. Kh2 Rh8+ 0-1

[Event "November 21 Late 2023"]
[Site "https://www.chess.com"]
[Date "2023.11.21"]
[Round "5"]
[White "Vemparala, Nikash"]
[Black "Pourkashiyan, Atousa"]
[Result "0-1"]
[Board "123"]
[TimeControl "180+1"]
[WhiteFideId "30960967"]
[BlackFideId "12502014"]
[WhiteElo "2069"]
[BlackElo "2221"]
[WhiteTeam "USA"]
[BlackTeam "USA"]
[WhiteClock "0:00:00"]
[BlackClock "0:00:19"]

1. e4 c5 2. Nf3 e6 3. b3 d5 4. exd5 exd5 5. Bb5+ Bd7 6. Qe2+ Be7 7. Bb2 f6 8. Bxd7+ Qxd7 9. d4 Na6 10. O-O O-O-O 11. dxc5 Bxc5 12. Rd1 Ne7 13. c4 Kb8 14. Nc3 Qc6 15. Rac1 Rhe8 16. Qc2 dxc4 17. Rxd8+ Rxd8 18. bxc4 g6 19. a3 Nc7 20. Ne4 f5 21. Nxc5 Qxc5 22. h3 Nc6 23. Re1 a6 24. Ne5 Nxe5 25. Bxe5 Ka8 26. Qb3 Ne6 27. Bc3 Nd4 28. Bxd4 Qxd4 29. Re7 Rd7 30. Re8+ Ka7 31. Re1 Rc7 32. Rc1 b5 33. c5 Rxc5 34. Qf7+ Kb6 35. Qe6+ Ka5 36. Rxc5 Qxc5 37. Qe1+ Ka4 38. Qe6 a5 39. Qd7 Kxa3 40. Qxh7 b4 41. Qxg6 b3 42. Qf6 b2 0-1

[Event "November 21 Late 2023"]
[Site "https://www.chess.com"]
[Date "2023.11.21"]
[Round "5"]
[White "Ongut, Tamas Gunes"]
[Black "Bazzano, Sebastian"]
[Result "1-0"]
[Board "124"]
[TimeControl "180+1"]
[WhiteFideId "770280"]
[BlackFideId "104566"]
[WhiteElo "2148"]
[BlackElo "2282"]
[WhiteTeam "HUN"]
[BlackTeam "ARG"]
[WhiteClock "0:00:56"]
[BlackClock "0:00:00"]

1. e4 e6 2. Nc3 d5 3. e5 c5 4. f4 Nc6 5. Nf3 Nh6 6. d4 Nf5 7. Ne2 Nfxd4 8. Nexd4 cxd4 9. Nxd4 Qb6 10. c3 Bc5 11. Bb5 O-O 12. Bxc6 bxc6 13. b4 Be7 14. Be3 c5 15. Nb3 d4 16. bxc5 Qc6 17. cxd4 Qxg2 18. Rf1 Bh4+ 19. Bf2 Ba6 20. Nd2 Bxf1 21. Bxh4 Qxh2 22. Bf2 Bh3 23. Qf3 f6 24. exf6 Rxf6 25. Qxa8+ Rf8 26. Qf3 Bg2 27. Qe3 Rxf4 28. Bg3 Qh1+ 29. Ke2 Qh5+ 30. Kd3 Rf6 31. Rg1 Bd5 32. Be5 Qf5+ 33. Kc3 Rg6 34. Rf1 Qg4 35. Qf2 h6 36. Kb2 Qh3 37. Qf7+ Kh7 38. Rf3 Bxf3 39. Qxf3 Qxf3 40. Nxf3 Rg2+ 41. Kb3 h5 42. c6 1-0

[Event "November 21 Late 2023"]
[Site "https://www.chess.com"]
[Date "2023.11.21"]
[Round "5"]
[White "Shton, Roman"]
[Black "Butti, Enrique"]
[Result "1-0"]
[Board "125"]
[TimeControl "180+1"]
[WhiteFideId "14137461"]
[BlackFideId "3700470"]
[WhiteElo "2027"]
[BlackElo "2080"]
[WhiteTeam "UKR"]
[BlackTeam "PAR"]
[WhiteClock "0:01:05"]
[BlackClock "0:00:03"]

1. d4 Nf6 2. Nf3 d5 3. g3 c6 4. Bg2 Bf5 5. c4 e6 6. Nc3 h6 7. Qb3 Qb6 8. c5 Qxb3 9. axb3 Na6 10. O-O Nb4 11. Ra4 Nc2 12. Nh4 Bh7 13. e3 Nd7 14. Rd1 e5 15. Rd2 exd4 16. exd4 Be7 17. Bh3 Bxh4 18. gxh4 Nf6 19. Bf1 O-O 20. Bd3 Bxd3 21. Rxd3 Ne1 22. Re3 Rfe8 23. Kf1 Nc2 24. Re2 Rxe2 25. Kxe2 Re8+ 26. Kd2 Ne1 27. Rxa7 Nf3+ 28. Kd3 Ng4 29. Be3 Re7 30. b4 Nxh4 31. b5 Nf5 32. Ra8+ Kh7 33. Rc8 Ngxe3 34. fxe3 Rxe3+ 35. Kd2 Rh3 36. Rc7 Rxh2+ 37. Kd3 Rh3+ 38. Kd2 Nxd4 39. Rxb7 Rh2+ 40. Kd3 Nxb5 41. Nxb5 cxb5 42. c6 Rh3+ 43. Kd4 Rh2 44. Rxb5 Rh4+ 45. Kxd5 1-0

[Event "November 21 Late 2023"]
[Site "https://www.chess.com"]
[Date "2023.11.21"]
[Round "5"]
[White "campochess"]
[Black "Della Morte, German"]
[Result "0-1"]
[Board "126"]
[TimeControl "180+1"]
[BlackFideId "113522"]
[WhiteElo "2235"]
[BlackElo "2306"]
[BlackTeam "ARG"]
[WhiteClock "0:01:26"]
[BlackClock "0:02:34"]

1. e4 c6 2. Nc3 d5 3. exd5 cxd5 4. d4 Nf6 5. Bg5 Nc6 6. Nf3 Bg4 7. Bb5 e6 8. Bxc6+ bxc6 9. Qd3 Bd6 10. Ne5 Bf5 11. Qa6 Qb6 12. Qxb6 axb6 13. Bxf6 gxf6 14. Nd3 e5 15. Ne2 Kd7 16. Ng3 Bg6 17. O-O exd4 18. Ne2 c5 19. Ndf4 Bxc2 20. Nh5 d3 21. Neg3 d2 22. Nxf6+ Kc6 23. a3 Be5 24. Ng4 Bxb2 25. Ra2 d1=Q 26. Rxd1 Bxd1 27. Rxb2 Bxg4 0-1

[Event "November 21 Late 2023"]
[Site "https://www.chess.com"]
[Date "2023.11.21"]
[Round "5"]
[White "Estrada Nieto, Julian"]
[Black "Quirke, Jeffrey"]
[Result "1/2-1/2"]
[Board "127"]
[TimeControl "180+1"]
[WhiteFideId "5101018"]
[BlackFideId "2013029"]
[WhiteElo "2161"]
[BlackElo "2233"]
[WhiteTeam "ESP"]
[BlackTeam "USA"]
[WhiteClock "0:00:10"]
[BlackClock "0:00:11"]

1. e4 e6 2. d4 d5 3. Nd2 c5 4. exd5 Qxd5 5. dxc5 Nf6 6. Ngf3 Qxc5 7. Bd3 Be7 8. O-O Nbd7 9. Qe2 O-O 10. c4 b6 11. Ne4 Qc7 12. b3 Bb7 13. Bb2 Rfd8 14. Rfd1 Rac8 15. Nxf6+ Nxf6 16. Ne5 Bd6 17. h3 h6 18. Ng4 Nxg4 19. Qxg4 Bf8 20. Be2 Qc5 21. Bf3 Bxf3 22. Qxf3 a5 23. Rxd8 Rxd8 24. Rd1 Rxd1+ 25. Qxd1 Qd6 26. Qxd6 Bxd6 27. Kf1 Bc5 28. Ke2 Kf8 29. f3 f6 30. Kd3 Ke7 31. Bd4 Kd6 32. g4 e5 33. Bb2 g6 34. Bc1 h5 35. gxh5 gxh5 36. f4 Ke6 37. fxe5 Kxe5 38. Bh6 f5 39. Bc1 f4 40. Bb2+ Kf5 41. Bc1 Ke5 42. Bb2+ Kf5 43. Bc1 Kg5 44. Ke4 Kh4 45. Bxf4 Kxh3 46. Kd5 h4 47. Kc6 Kg2 48. a3 h3 49. b4 axb4 50. axb4 Bxb4 51. Kxb6 h2 52. Bxh2 Kxh2 53. c5 Bxc5+ 1/2-1/2

[Event "November 21 Late 2023"]
[Site "https://www.chess.com"]
[Date "2023.11.21"]
[Round "5"]
[White "Bullen, Alex"]
[Black "Bochnicka, Vladimir"]
[Result "0-1"]
[Board "128"]
[TimeControl "180+1"]
[WhiteFideId "1801627"]
[BlackFideId "14943450"]
[WhiteElo "2078"]
[BlackElo "2170"]
[WhiteTeam "WLS"]
[BlackTeam "SVK"]
[WhiteClock "0:00:00"]
[BlackClock "0:00:02"]

1. d4 Nf6 2. Nf3 g6 3. Nbd2 Bg7 4. e4 d6 5. Bd3 O-O 6. O-O Nbd7 7. Re1 e5 8. dxe5 Nxe5 9. Nxe5 dxe5 10. Nc4 Nh5 11. b3 Nf4 12. Bf1 Qe7 13. Ba3 Qg5 14. Qf3 Rd8 15. Rad1 Rxd1 16. Rxd1 Bg4 17. Qg3 Nh5 18. Qd3 Bxd1 19. Qxd1 Rd8 20. Qe1 Nf4 21. Ne3 Bh6 22. g3 Ne6 23. h4 Qf6 24. Nd5 Qg7 25. Be7 Nd4 26. Qb4 Nc6 27. Qc5 Nxe7 28. Qxe7 Qf8 29. Qxe5 Bg7 30. Qxc7 Qd6 31. Qc4 a6 32. a4 h5 33. Bd3 Kh7 34. Qc7 Qxc7 35. Nxc7 Rc8 36. Nd5 Bd4 37. Kf1 Kg7 38. f3 b5 39. axb5 axb5 40. g4 hxg4 41. fxg4 Rh8 42. h5 gxh5 43. gxh5 Rxh5 44. Bxb5 Rh1+ 45. Ke2 Rh2+ 46. Kd3 Be5 47. Ne3 Rh3 48. Ke2 Kf8 49. Nf5 Rh2+ 50. Kd3 Rh3+ 51. Ke2 Rc3 52. Kd2 Rc5 53. Bc4 Ke8 54. Kd3 Rc7 55. Ne3 Rd7+ 56. Nd5 Rd6 57. b4 Kd8 58. b5 Kc8 59. b6 Kb7 60. Bb3 Bh2 61. c4 Bg1 62. Kc3 Bxb6 63. Nxb6 Kxb6 64. Bc2 Kc5 65. Bb3 Rd4 66. Ba2 f6 0-1